AoeStats
← DarWix 2.0

African Clearing

505841882Analyzed
2v2 RM · 22d ago on Sep 11, 2026· 20m 28s· 4 players
Game mode
Random Map
Map size
Medium (4 player)
Population
200
Speed
Normal
Resources
Standard
Victory
Conquest
Starting age
Dark Age
Ending age
Imperial Age
RankedLock teamsTeams togetherTeam positionsShared explorationLock speedFull tech treeHidden civsTurbo modeCheats
Victory
Defeat
🇷🇺 Aztecs · Russia
1579
+11
🇷🇺 Persians · Russia
1500
+14
🇫🇷 Vietnamese · France
1511
-14
🇯🇵 Wei · Japan
1427
-11
DarWix 2.0
4:31 Loom
12:22 Feudal Age
16:58 Castle Age
15:37 Fletching
15:36 Double-Bit Axe
ken4403
9:19 Loom
12:03 Feudal Age
13:37 Double-Bit Axe
Budd1st
9:14 Loom
11:35 Feudal Age
12:15 Double-Bit Axe
14:25 Fletching
15:53 Horse Collar
19:50 Castle Age
19:09 Padded Archer Armor
20:39 Bodkin Arrow
20:06 Crossbowman
Legate
9:01 Loom
11:17 Feudal Age
10:21 Loom
11:57 Double-Bit Axe
12:24 Town Watch
19:51 Castle Age
17:44 Gold Mining
18:06 Scale Barding Armor
18:35 Bloodlines
19:35 Forging
19:53 Fletching
20:37 Bow Saw
20:36 Husbandry
Connection lost

Rejoining the realm…

Still unreachable

The connection could not be restored.

Session expired

The server has moved on; the page needs a fresh start.